 Dungeon Crawl Stone Soup version 0.16.2-12-gd0ad4c3 (webtiles) character file.

219 tognito the Chopper (level 5, -12/48 HPs)
             Began as a Minotaur Berserker on Sept 22, 2015.
             Was a Priest of Trog.
             Killed from afar by Pikel (15 damage)
             ... with a wand of frost
             ... on level 4 of the Dungeon.
             The game lasted 00:13:01 (3142 turns).

tognito the Chopper (Minotaur Berserker)            Turns: 3142, Time: 00:13:01

Health: -12/48     AC:  9    Str: 23    XL:     5   Next: 63%
Magic:  2/2        EV: 14    Int:  4    God:    Trog [***...]
Gold:   56         SH:  0    Dex: 14    Spells: 0 memorised, 4 levels left

rFire  + . .     SeeInvis .     a - +0 hand axe
rCold  x . .     Clarity  .     f - +0 chain mail
rNeg   . . .     SustAb   .     (no shield)
rPois  .         Gourm    .     (helmet restricted)
rElec  .         Spirit   .     (no cloak)
rCorr  .         Warding  .     (no gloves)
rMut   .         Stasis   .     (no boots)
MR     .....                    (no amulet)
Stlth  ..........               (no ring)
                                d - ring of fire

@: agile, not resistant to hostile enchantments, extremely unstealthy
A: retaliatory headbutt, horns 2
a: Burn Spellbooks, Berserk, Trog's Hand, Renounce Religion


You were on level 4 of the Dungeon.
You worshipped Trog.
Trog was most pleased with you.
You were hungry.

You visited 1 branch of the dungeon, and saw 4 of its levels.

You collected 56 gold pieces.

Inventory:

Hand weapons
 a - a +0 hand axe (weapon)
 b - a +0 hunting sling
Missiles
 e - 16 arrows
 h - 23 sling bullets
 s - 6 sling bullets of flame
Armour
 f - a +0 chain mail (worn)
 n - a +0 animal skin
Jewellery
 d - a ring of fire (left hand)
Scrolls
 g - 2 scrolls of remove curse
 i - 2 scrolls of blinking {unknown}
 j - 5 scrolls of identify {unknown}
 k - 2 scrolls of enchant armour {unknown}
 m - 3 scrolls of teleportation {unknown}
 r - a scroll of fear {unknown}
Potions
 l - a potion of haste
Comestibles
 c - 2 bread rations


   Skills:
 * Level 5.0 Fighting
 * Level 5.1 Axes
 + Level 2.5 Slings
 + Level 3.7 Armour
 + Level 2.5 Dodging
 + Level 0.1 Stealth


You had 4 spell levels left.
You didn't know any spells.

Dungeon Overview and Level Annotations

Branches:
Dungeon (4/15)
 Temple: D:4-7

Altars:
Ashenzari
Elyvilon
Kikubaaqudgha
Qazlal
Xom
Zin
The Shining One

Annotations:
D:4 Pikel


Innate Abilities, Weirdness & Mutations

You reflexively headbutt those who attack you in melee.
You have a pair of horns on your head.


Message History

You hit Pikel. Your headbutt misses Pikel.
Pikel is heavily wounded.
Pikel zaps a wand.
The puff of frost hits you!
You feel a terrible chill!
You closely miss Pikel.
Pikel is heavily wounded.
Pikel zaps a wand.
The puff of frost hits you!
You feel a terrible chill!
You slash Pikel!
Pikel is severely wounded.
Pikel zaps a wand.
The puff of frost hits you!
You feel a terrible chill!
You hit Pikel but do no damage.
Pikel is severely wounded.
Pikel zaps a wand.
The puff of frost hits you!
You feel a terrible chill!
* * * LOW HITPOINT WARNING * * *
Read which item? (? for menu, Esc to quit)
Okay, then.
Drink which item? (? for menu, Esc to quit)
It was a potion of agility.
You feel agile all of a sudden.
Pikel zaps a wand.
The puff of frost hits you!
You feel a terrible chill!
You die...

#.####.....##..# #.#
##......... #.#
#.....#... #.# #........#
#.# #........# ###.#
###.####.# #...# #.# #.#
#.### #+# #.. #@#
#...##### #K# #.....##
##p## #.......## #.pp#
#.........##
........(....+.........'.
######...####.........##
##.## #.......## #.#
##.....## .(. ##...##


You could see Pikel and 3 slaves.

Vanquished Creatures
  A slave (D:4)
  A sky beast (D:4)
  A worker ant (D:4)
  6 adders
  A worm (D:2)
  A giant gecko (D:2)
  2 orcs (D:3)
  3 giant cockroaches
  4 hobgoblins
  6 jackals
  4 kobolds
  10 bats
  3 giant newts
  5 goblins
  12 rats
60 creatures vanquished.

Notes
Turn   | Place    | Note
--------------------------------------------------------------
     0 | D:1      | tognito, the Minotaur Berserker, began the quest for the Orb.
     0 | D:1      | Reached XP level 1. HP: 19/19 MP: 1/1
    51 | D:1      | Reached skill level 4 in Axes
   128 | D:1      | Reached XP level 2. HP: 24/27 MP: 1/1
   211 | D:1      | Found a shimmering altar of Xom.
   298 | D:1      | Acquired Trog's second power
   862 | D:2      | Found a white marble altar of Elyvilon.
   862 | D:2      | Found a glowing golden altar of the Shining One.
   863 | D:2      | Found a glowing silver altar of Zin.
   969 | D:2      | Reached XP level 3. HP: 19/34 MP: 2/2
  1769 | D:2      | Found an ancient bone altar of Kikubaaqudgha.
  1881 | D:2      | Reached XP level 4. HP: 41/41 MP: 2/2
  2123 | D:3      | Reached skill level 1 in Slings
  2131 | D:3      | Found a stormy altar of Qazlal.
  2166 | D:3      | Found a shattered altar of Ashenzari.
  2464 | D:3      | Received a gift from Trog
  2694 | D:4      | Noticed a sky beast
  2708 | D:4      | Killed a sky beast
  2708 | D:4      | Reached skill level 5 in Fighting
  2708 | D:4      | Reached skill level 5 in Axes
  2708 | D:4      | Reached XP level 5. HP: 35/48 MP: 2/2
  2769 | D:4      | HP: 2/48 [poisoned by a worker ant]
  2777 | D:4      | HP: 1/48 [poisoned by a worker ant]
  3102 | D:4      | Noticed a slave
  3118 | D:4      | Killed a slave
  3123 | D:4      | Noticed Pikel
  3124 | D:4      | Noticed a slave
  3124 | D:4      | Noticed a slave
  3126 | D:4      | Noticed a slave
  3142 | D:4      | Killed from afar by Pikel

Action                   |  1- 3 |  4- 6 || total
-------------------------+-------+-------++-------
Melee: Hand axe          |    73 |    75 ||   148
 Fire: Hunting sling     |    36 |    36 ||    72
  Use: Potion            |     3 |     6 ||     9
       Scroll            |     1 |       ||     1
  Eat: Chunk             |     2 |     3 ||     5
       Beef jerky        |       |     1 ||     1
